AoeStats
← Sakuneti Le-Preckson

Fortress

508384196Analyzed
4v4 RM · 10d ago on Sep 22, 2026· 50m 4s· 8 players
Game mode
Random Map
Map size
Huge
Population
200
Speed
Normal
Resources
Standard
Victory
Conquest
Starting age
Dark Age
Ending age
Imperial Age
RankedLock teamsTeams togetherTeam positionsShared explorationLock speedFull tech treeHidden civsTurbo modeCheats
Victory
Defeat
🇦🇺 Malians · Australia
1137
+11
1136
+11
🇨🇳 Bohemians · China
1063
+14
🇨🇳 Huns · China
1056
+14
🇧🇪 Wei · Belgium
1185
-18
🇭🇷 Britons · Croatia
1003
-12
🇵🇪 Turks · Peru
971
-11
🇪🇸 Magyars · Spain
923
-9
vper1490
9:25 Feudal Age
12:36 Wheelbarrow
14:27 Castle Age
15:32 Horse Collar
15:39 Double-Bit Axe
18:17 Scale Barding Armor
18:22 Forging
18:17 Loom
21:36 Marauders
22:32 Bow Saw
22:56 Gold Mining
24:54 Gold Shaft Mining
24:43 Chain Barding Armor
25:39 Hand Cart
29:04 Imperial Age
27:45 Iron Casting
26:57 Town Watch
28:49 Town Patrol
29:00 Husbandry
29:10 Bloodlines
30:41 Conscription
29:42 Elite Tarkan
32:29 Plate Barding Armor
33:24 Padded Archer Armor
34:25 Blast Furnace
33:16 Fletching
33:46 Elite Skirmisher
34:43 Leather Archer Armor
35:58 Ballistics
37:36 Chemistry
44:04 Light Cavalry
49:28 Hussar
Alex Auditore Mercer
7:58 Feudal Age
11:44 Castle Age
10:06 Double-Bit Axe
11:18 Horse Collar
12:53 Bow Saw
13:41 Town Watch
15:11 Loom
18:40 Wheelbarrow
18:46 Heavy Plow
18:50 Gold Mining
20:32 Gold Mining
24:44 Imperial Age
21:48 Man-at-Arms
22:15 Gambesons
23:23 Hand Cart
23:12 Scale Mail Armor
23:22 Forging
22:58 Long Swordsman
23:41 Squires
23:43 Two-Handed Swordsman
25:24 Chain Mail Armor
25:02 Champion
26:20 Masonry
27:10 Plate Mail Armor
26:39 Fletching
30:14 Iron Casting
30:39 Conscription
31:19 Gold Shaft Mining
36:13 Blast Furnace
38:07 Fereters
37:32 Pikeman
38:06 Halberdier
42:41 Chemistry
41:49 Arson
43:16 Capped Ram
45:43 Siege Ram
51:18 Hoardings
drain man
8:38 Feudal Age
12:33 Castle Age
11:15 Double-Bit Axe
13:02 Loom
14:29 Forging
17:29 Bow Saw
18:45 Wheelbarrow
20:08 Gold Mining
23:04 Iron Casting
22:30 Scale Mail Armor
26:07 Chain Mail Armor
29:02 Imperial Age
26:34 Light Cavalry
27:28 Bloodlines
27:34 Fletching
28:21 Scale Barding Armor
29:28 Chain Barding Armor
29:08 Bodkin Arrow
29:44 Hand Cart
30:10 Conscription
30:46 Husbandry
38:36 Stone Mining
44:08 Stone Shaft Mining
45:07 Farimba
49:22 Plate Barding Armor
Julius Caesar
4:44 Loom
6:40 Feudal Age
7:32 Double-Bit Axe
8:29 Horse Collar
14:29 Castle Age
15:36 Bow Saw
16:40 Heavy Plow
23:55 Imperial Age
22:08 Wheelbarrow
24:45 Hand Cart
26:32 Two-Man Saw
25:55 Conscription
28:34 Chemistry
28:05 Wagenburg Tactics
28:18 Forging
28:09 Scale Mail Armor
28:58 Scale Mail Armor
28:59 Padded Archer Armor
28:49 Fletching
29:36 Iron Casting
29:03 Pikeman
29:44 Squires
31:02 Elite Skirmisher
33:43 Siege Engineers
33:48 Masonry
33:21 Treadmill Crane
33:48 Halberdier
34:48 Chain Mail Armor
34:39 Scale Barding Armor
34:55 Leather Archer Armor
36:01 Houfnice
37:55 Elite Hussite Wagon
43:59 Blast Furnace
43:29 Plate Mail Armor
48:17 Caravan
Heretic Prophet
3:28 Loom
7:15 Feudal Age
7:52 Gold Mining
7:43 Horse Collar
7:51 Double-Bit Axe
9:23 Stone Mining
10:44 Wheelbarrow
14:15 Castle Age
15:43 Bow Saw
17:17 Hand Cart
23:18 Imperial Age
20:52 Heavy Plow
21:46 Scale Barding Armor
21:51 Forging
23:37 Tuntian
24:27 Gold Shaft Mining
24:51 Bloodlines
24:42 Husbandry
26:46 Chain Barding Armor
26:22 Loom
28:29 Iron Casting
30:40 Blast Furnace
31:19 Ming Guang Armor
32:41 Heavy Hei Guang Cavalry
34:29 Stone Shaft Mining
34:57 Heavy Hei Guang Cavalry
38:16 Hoardings
38:58 Light Cavalry
40:24 Fletching
43:45 Masonry
46:20 Hussar
Sakuneti Le-Preckson
7:54 Feudal Age
8:29 Double-Bit Axe
8:26 Horse Collar
13:07 Castle Age
12:32 Gold Mining
12:49 Loom
14:10 Bow Saw
14:01 Heavy Plow
14:42 Wheelbarrow
16:25 Wheelbarrow
16:08 Thumb Ring
17:05 Fletching
21:42 Hand Cart
21:46 Town Watch
22:41 Bodkin Arrow
24:03 Padded Archer Armor
24:32 Ballistics
26:03 Gold Shaft Mining
28:29 Imperial Age
29:19 Leather Archer Armor
29:17 Bracer
30:22 Chemistry
28:49 Heavy Cavalry Archer
29:56 Parthian Tactics
30:59 Ring Archer Armor
32:57 Murder Holes
33:24 Recurve Bow
34:50 Scale Barding Armor
34:59 Town Patrol
35:31 Crop Rotation
36:04 Two-Man Saw
35:49 Conscription
35:30 Corvinian Army
36:39 Chain Barding Armor
35:42 Elite Magyar Huszar
36:57 Hoardings
37:25 Bloodlines
37:15 Husbandry
37:43 Caravan
38:19 Siege Engineers
38:45 Fervor
38:55 Sanctity
40:03 Plate Barding Armor
Chopipo
6:01 Loom
9:46 Feudal Age
10:12 Double-Bit Axe
10:18 Gold Mining
10:12 Horse Collar
16:36 Castle Age
18:14 Gold Shaft Mining
21:03 Imperial Age
19:25 Bow Saw
22:08 Wheelbarrow
24:44 Elite Janissary
27:34 Heavy Plow
28:52 Conscription
28:25 Town Watch
29:19 Stone Mining
34:55 Fortified Wall
49:39 Hand Cart
Dino
7:30 Feudal Age
8:12 Double-Bit Axe
13:14 Castle Age
11:42 Horse Collar
12:50 Gold Mining
13:56 Heavy Plow
16:44 Fletching
19:25 Bodkin Arrow
20:52 Crossbowman
21:52 Padded Archer Armor
21:56 Squires
22:19 Ballistics
22:01 Town Watch
23:54 Gold Shaft Mining
24:55 Wheelbarrow
27:46 Imperial Age
27:16 Hand Cart
27:03 Town Patrol
27:03 Stone Mining
28:00 Bow Saw
27:53 Padded Archer Armor
28:30 Bracer
27:51 Arbalester
30:02 Two-Man Saw
31:44 Conscription
33:23 Chemistry
32:45 Yeomen
34:30 Leather Archer Armor
34:36 Loom
36:03 Ring Archer Armor
46:41 Hoardings
Connection lost

Rejoining the realm…

Still unreachable

The connection could not be restored.

Session expired

The server has moved on; the page needs a fresh start.